Panthers vs Penguins
(R1)
Created - November 6, 2024 at 20:02
Goals
|
Panthers |
1 |
1 |
1 |
3 |
Penguins |
3 |
1 |
0 |
4 |
|
Shots
|
Panthers |
7 |
6 |
8 |
21 |
Penguins |
9 |
6 |
7 |
22 |
|
1st period
1. Penguins , John Marino 1 (Nick Leddy 1, Colin Wilson 2) at 7:21
2. Penguins , Oscar Klefbom 1 (Aaron Ekblad 2, Brandon Tanev 2) at 9:13
3. Penguins , John Tavares 2 (Mark Scheifele 5, Gavin Bayreuther 7) at 11:53
4. Panthers , Nikita Kucherov 6 (Matt Duchene 10) at 14:27 (PP)
Penalties :
Griffin Reinhart (Flo) for Interference (Minor) at 3:04, Griffin Reinhart (Flo) for Holding (Minor) at 11:56, Evan Rodrigues (Pit) for Holding (Minor) at 14:25, Keith Aulie (Pit) for Hooking (Minor) at 15:18
2nd period
5. Penguins , Brandon Tanev 2 (Gavin Bayreuther 8, Iven Barbashev 1) at 10:37
6. Panthers , Nikita Kucherov 7 (Matt Duchene 11) at 17:35 (PP)
Penalties :
Danny DeKeiser (Flo) for Slashing (Minor) at 2:28, Griffin Reinhart (Flo) for Hooking (Minor) at 5:43, Matt Duchene (Flo) for Hooking (Minor) at 11:31, Marcus Foligno (Pit) for Delaying the game (Minor) at 17:17, Mathew Barzal (Pit) for Slashing (Minor) at 18:11
3rd period
7. Panthers , Miro Aaltonen 1 (Drake Batherson 3, Alex Pietrangelo 4) at 0:55
Penalties :
Mikkel Boedker (Flo) for Hooking (Minor) at 8:33, Alex Pietrangelo (Flo) for Interference (Minor) at 18:35
Goalie Stats
Ville Husso (Flo), 18 saves from 22 shots - (0.818), L, 3-4-0, 60:00 minutes
Jeremy Swayman (Pit), 18 saves from 21 shots - (0.857), W, 3-2-1, 60:00 minutes
Players Stats for Panthers
Player Name G A P +/- PIM S H SB GA TA FO MP PP MP PK MP
------------------------------------------------------------------------------------
Aleksander Barkov 0 0 0 -1 0 3 1 2 2 0 18/22 20:04 1:38 7:29
Alex Pietrangelo 0 1 1 0 2 1 2 0 0 1 0/0 22:19 2:29 0:59
Danny DeKeiser 0 0 0 1 2 0 1 2 1 2 0/0 22:46 2:29 5:11
Dmitrij Jaskin 0 0 0 -1 0 0 0 0 0 0 0/0 6:32 0:00 0:00
Dominik Kahun 0 0 0 -1 0 0 0 0 0 0 0/0 7:59 0:06 0:52
Drake Batherson 0 1 1 1 0 1 1 0 0 0 0/0 9:52 1:38 0:00
Griffin Reinhart 0 0 0 -1 6 0 0 0 0 1 0/0 14:05 1:49 0:00
Jimmy Vesey 0 0 0 -1 0 1 2 0 0 0 1/1 13:44 0:00 2:05
Kirill Kaprizov 0 0 0 1 0 0 3 0 0 0 0/0 10:01 1:38 0:00
Kris Versteeg 0 0 0 -1 0 1 4 0 0 0 2/2 18:25 0:00 7:29
Ladislav Smid 0 0 0 -2 0 1 1 1 0 0 0/0 18:19 0:00 7:06
Matt Duchene 0 2 2 -2 2 1 2 0 0 0 11/15 18:18 2:34 0:00
Mikkel Boedker 0 0 0 -2 2 4 2 1 0 0 3/5 22:35 2:40 3:44
Miro Aaltonen 1 0 1 1 0 4 4 0 0 0 0/2 13:30 0:00 4:57
Nikita Kucherov 2 0 2 -2 0 4 0 0 0 0 2/3 18:24 2:40 0:00
Niklas Hansson 0 0 0 -1 0 0 0 0 0 1 0/0 25:17 1:49 7:08
Nikolay Goldobin 0 0 0 -1 0 0 0 0 0 0 0/1 6:23 0:00 0:00
Radim Simek 0 0 0 -3 0 0 0 1 0 0 0/0 18:02 0:00 6:12
Players Stats for Penguins
Player Name G A P +/- PIM S H SB GA TA FO MP PP MP PK MP
------------------------------------------------------------------------------------
Aaron Ekblad 0 1 1 1 0 2 1 3 0 0 0/0 26:30 7:16 1:57
Brandon Tanev 1 1 2 2 0 2 4 0 1 0 0/0 9:45 0:00 0:59
Colin Wilson 0 1 1 1 0 0 0 0 0 0 0/0 10:36 0:00 0:51
Evan Rodrigues 0 0 0 2 2 0 0 0 0 0 0/3 8:45 0:00 0:00
Gavin Bayreuther 0 2 2 1 0 0 0 1 0 1 0/0 20:14 6:01 0:00
Iven Barbashev 0 1 1 2 0 1 0 0 0 0 0/0 10:05 0:03 1:14
John Marino 1 0 1 1 0 1 0 0 0 0 0/0 11:07 0:01 0:46
John Tavares 1 0 1 1 0 3 2 0 0 0 6/25 21:34 7:11 0:59
Keith Aulie 0 0 0 1 2 2 2 0 0 0 0/0 22:24 6:01 1:35
Marcus Foligno 0 0 0 1 2 2 1 0 0 0 0/0 12:04 0:00 2:05
Mark Scheifele 0 1 1 1 0 1 0 0 1 0 3/7 23:20 7:11 2:28
Mathew Barzal 0 0 0 -1 2 0 1 2 0 0 0/0 16:33 6:07 0:00
Nick Leddy 0 1 1 1 0 1 0 1 0 0 0/0 11:05 0:00 1:13
Oscar Klefbom 1 0 1 1 0 2 1 2 1 1 0/0 28:41 7:17 3:05
Pavel Buchnevich 0 0 0 -1 0 1 2 0 0 0 0/0 16:19 6:07 0:00
Pavel Zacha 0 0 0 1 0 1 4 0 1 0 0/1 20:32 7:08 0:00
Sebastian Aho 0 0 0 -1 0 2 2 0 1 0 5/15 16:19 6:07 0:00
Tom Wilson 0 0 0 1 0 1 0 0 0 1 0/0 9:45 0:00 0:00
3 Stars
1 - Brandon Tanev (Pit)
2 - Miro Aaltonen (Flo)
3 - John Tavares (Pit)
Power Play
Panthers - 2 on 4 Attempt(s) - 50.00%
Penguins - 0 on 7 Attempt(s) - 0.00%
Penalty Kill
Panthers - 7 on 7 Attempt(s) - 100.00%
- Score 0 goal in Penalty Kill
Penguins - 2 on 4 Attempt(s) - 50.00%
- Score 0 goal in Penalty Kill
Team Stat
Panthers - Hits : 23 - Faceoff Wins : 37 - Blocked Shots : 7 - Penalty Minutes : 14
Penguins - Hits : 20 - Faceoff Wins : 14 - Blocked Shots : 9 - Penalty Minutes : 8
Official
Referees : Ghislain Hebert and Kyle Rehman
Linesman : Ryan Gibbons and Julien Fournier
Game Notes
No Game Note
Finance
Level 1 -- Attendance: 5816 (96.93%) -- Ticket Income $581,600
Level 2 -- Attendance: 5000 (100.00%) -- Ticket Income $350,000
Level 3 -- Attendance: 1791 (89.55%) -- Ticket Income $71,640
Level 4 -- Attendance: 4000 (100.00%) -- Ticket Income $120,000
Luxury Box -- Attendance: 890 (89.00%) -- Ticket Income $178,000
Game was played at the PPG Paint Arena.
Total Attendance: 17497 (97.21%)
Total Ticket Income: $1,301,240
Other Income: $195,186
Total Income: $1,496,426
Panthers
5 vs 5 Forward
Center Left Wing Right Wing Time % Phy DF OF
1 Matt Duchene Mikkel Boedker Nikita Kucherov 40 0 2 3
2 Aleksander Barkov Jimmy Vesey Kris Versteeg 30 0 2 3
3 Miro Aaltonen Kirill Kaprizov Drake Batherson 20 1 2 2
4 Dominik Kahun Nikolay Goldobin Dmitrij Jaskin 10 1 2 2
5 vs 5 Defense
Defense Defense Time % Phy DF OF
1 Alex Pietrangelo Niklas Hansson 40 0 2 3
2 Danny DeKeiser Griffin Reinhart 30 1 2 2
3 Ladislav Smid Radim Simek 20 1 2 2
4 Alex Pietrangelo Danny DeKeiser 10 0 2 3
PowerPlay Forward
Center Left Wing Right Wing Time % Phy DF OF
1 Matt Duchene Mikkel Boedker Nikita Kucherov 60 0 1 4
2 Aleksander Barkov Kirill Kaprizov Drake Batherson 40 0 1 4
PowerPlay Defense
Defense Defense Time % Phy DF OF
1 Alex Pietrangelo Danny DeKeiser 60 0 2 3
2 Niklas Hansson Griffin Reinhart 40 0 2 3
Penalty Kill 4 Players Forward
Center Wing Time % Phy DF OF
1 Aleksander Barkov Kris Versteeg 60 1 3 1
2 Miro Aaltonen Mikkel Boedker 40 1 3 1
Penalty Kill 4 Players Defense
Defense Defense Time % Phy DF OF
1 Ladislav Smid Niklas Hansson 60 1 3 1
2 Danny DeKeiser Radim Simek 40 1 3 1
Penalty Kill - 3 Players Forward
Forward Time % Phy DF OF
1 Kris Versteeg 60 1 3 1
2 Aleksander Barkov 40 1 3 1
Penalty Kill - 3 Players Defense
Defense Defense Time % Phy DF OF
1 Ladislav Smid Niklas Hansson 60 1 3 1
2 Danny DeKeiser Radim Simek 40 1 3 1
4 vs 4 Forward
Center Wing Time % Phy DF OF
1 Matt Duchene Nikita Kucherov 60 0 2 3
2 Aleksander Barkov Mikkel Boedker 40 0 2 3
4 vs 4 Defense
Defense Defense Time % Phy DF OF
1 Alex Pietrangelo Niklas Hansson 60 0 2 3
2 Danny DeKeiser Griffin Reinhart 40 1 2 2
Last Minutes Offensive
Center Left Wing Right Wing Defense Defense
Matt Duchene Mikkel Boedker Nikita Kucherov Alex Pietrangelo Griffin Reinhart
Last Minutes Defensive
Center Left Wing Right Wing Defense Defense
Aleksander Barkov Mikkel Boedker Kris Versteeg Danny DeKeiser Niklas Hansson
Goaltenders
Starting : Ville Husso
Backup : Brandon Halverson
Extra Forwards
Normal : Kirill Kaprizov, Nikita Kucherov, Matt Duchene - PP : Drake Batherson, Matt Duchene - PK : Miro Aaltonen
Extra Defensemen
Normal : Radim Simek, Alex Pietrangelo, Niklas Hansson - PP : Alex Pietrangelo - PK : Radim Simek, Niklas Hansson
Penalty Shots
Drake Batherson, Nikita Kucherov, Mikkel Boedker, Miro Aaltonen, Aleksander Barkov
Custom OT Lines Forwards
Matt Duchene, Nikita Kucherov, Aleksander Barkov, Drake Batherson, Kirill Kaprizov, Mikkel Boedker, Miro Aaltonen, Jimmy Vesey, Nikolay Goldobin, Kris Versteeg
Custom OT Lines Defensemen
Alex Pietrangelo, Danny DeKeiser, Niklas Hansson, Griffin Reinhart, Ladislav Smid
Scratches
Nikita Tryamkin (Healthy)
Penguins
5 vs 5 Forward
Center Left Wing Right Wing Time % Phy DF OF
1 John Tavares Pavel Zacha Mark Scheifele 40 1 2 2
2 Sebastian Aho Pavel Buchnevich Mathew Barzal 30 1 2 2
3 Colin Wilson Marcus Foligno Tom Wilson 20 1 2 2
4 Evan Rodrigues Iven Barbashev Brandon Tanev 10 1 2 2
5 vs 5 Defense
Defense Defense Time % Phy DF OF
1 Oscar Klefbom Aaron Ekblad 45 1 2 2
2 Keith Aulie Gavin Bayreuther 35 1 2 2
3 Nick Leddy John Marino 20 1 2 2
4 Oscar Klefbom Nick Leddy 0 1 2 2
PowerPlay Forward
Center Left Wing Right Wing Time % Phy DF OF
1 John Tavares Pavel Zacha Mark Scheifele 60 0 2 3
2 Sebastian Aho Pavel Buchnevich Mathew Barzal 40 0 2 3
PowerPlay Defense
Defense Defense Time % Phy DF OF
1 Oscar Klefbom Aaron Ekblad 60 0 2 3
2 Keith Aulie Gavin Bayreuther 40 0 2 3
Penalty Kill 4 Players Forward
Center Wing Time % Phy DF OF
1 Mark Scheifele Marcus Foligno 60 1 3 1
2 John Tavares Brandon Tanev 40 1 3 1
Penalty Kill 4 Players Defense
Defense Defense Time % Phy DF OF
1 Oscar Klefbom Keith Aulie 60 1 2 2
2 Aaron Ekblad Nick Leddy 40 1 2 2
Penalty Kill - 3 Players Forward
Forward Time % Phy DF OF
1 Marcus Foligno 60 1 2 2
2 John Tavares 40 1 2 2
Penalty Kill - 3 Players Defense
Defense Defense Time % Phy DF OF
1 Oscar Klefbom Keith Aulie 60 1 2 2
2 Aaron Ekblad Nick Leddy 40 1 2 2
4 vs 4 Forward
Center Wing Time % Phy DF OF
1 John Tavares Mark Scheifele 60 1 2 2
2 Sebastian Aho Pavel Buchnevich 40 1 2 2
4 vs 4 Defense
Defense Defense Time % Phy DF OF
1 Oscar Klefbom Aaron Ekblad 50 1 2 2
2 Keith Aulie Gavin Bayreuther 50 1 2 2
Last Minutes Offensive
Center Left Wing Right Wing Defense Defense
John Tavares Pavel Zacha Mark Scheifele Oscar Klefbom Aaron Ekblad
Last Minutes Defensive
Center Left Wing Right Wing Defense Defense
John Tavares Marcus Foligno Tom Wilson Oscar Klefbom Keith Aulie
Goaltenders
Starting : Jeremy Swayman
Backup : James Reimer
Extra Forwards
Normal : Mark Scheifele, Pavel Zacha, Tom Wilson - PP : Mark Scheifele, Pavel Zacha - PK : Marcus Foligno
Extra Defensemen
Normal : Oscar Klefbom, Aaron Ekblad, Keith Aulie - PP : Aaron Ekblad - PK : Oscar Klefbom, Keith Aulie
Penalty Shots
Mark Scheifele, John Tavares, Sebastian Aho, Pavel Buchnevich, Pavel Zacha
Custom OT Lines Forwards
John Tavares, Mark Scheifele, Sebastian Aho, Pavel Buchnevich, Pavel Zacha, Mathew Barzal, Marcus Foligno, Colin Wilson, Tom Wilson, Iven Barbashev
Custom OT Lines Defensemen
Aaron Ekblad, Oscar Klefbom, Keith Aulie, Nick Leddy, Gavin Bayreuther
Scratches
None
% Time on Ice - Panthers
Lines # - Real PCT - Wanted PCT - Time Play
Normal Forward
1 - 39% - 40% - 16:23
2 - 27% - 30% - 11:25
3 - 19% - 20% - 8:13
4 - 15% - 10% - 6:23
Normal Defense
1 - 39% - 40% - 16:25
2 - 26% - 30% - 10:53
3 - 26% - 20% - 10:49
4 - 10% - 10% - 4:17
PP Forward
1 - 62% - 60% - 2:40
2 - 38% - 40% - 1:38
PP Defense
1 - 58% - 60% - 2:29
2 - 42% - 40% - 1:49
PK Forward
1 - 68% - 60% - 8:59
2 - 32% - 40% - 4:19
PK Defense
1 - 53% - 60% - 7:06
2 - 47% - 40% - 6:12
PK3 Forward
1 - 0% - 60%
2 - 0% - 40%
PK3 Defense
1 - 0% - 60%
2 - 0% - 40%
44 Forward
1 - 0% - 60%
2 - 0% - 40%
44 Defense
1 - 0% - 60%
2 - 0% - 40%
Last Minute Offensive - 0:00
Last Minute Defensive - 0:00
Total
Forward - 60:00
Defense - 60:00
|
% Time on Ice - Penguins
Lines # - Real PCT - Wanted PCT - Time Play
Normal Forward
1 - 32% - 40% - 13:41
2 - 24% - 30% - 10:12
3 - 23% - 20% - 9:45
4 - 21% - 10% - 8:46
Normal Defense
1 - 43% - 45% - 18:19
2 - 34% - 35% - 14:15
3 - 23% - 20% - 9:50
4 - 0% - 0% - 0:00
PP Forward
1 - 54% - 60% - 7:11
2 - 46% - 40% - 6:07
PP Defense
1 - 55% - 60% - 7:17
2 - 45% - 40% - 6:01
PK Forward
1 - 77% - 60% - 3:19
2 - 23% - 40% - 0:59
PK Defense
1 - 72% - 60% - 3:05
2 - 28% - 40% - 1:13
PK3 Forward
1 - 0% - 60%
2 - 0% - 40%
PK3 Defense
1 - 0% - 60%
2 - 0% - 40%
44 Forward
1 - 0% - 60%
2 - 0% - 40%
44 Defense
1 - 0% - 50%
2 - 0% - 50%
Last Minute Offensive - 0:00
Last Minute Defensive - 0:00
Total
Forward - 60:00
Defense - 60:00
|
Play-by-Play
1st period
0:01 of 1st period - Matt Duchene wins face-off versus John Tavares in neutral zone.
0:23 of 1st period - Icing by Niklas Hansson.
0:24 of 1st period - Aleksander Barkov wins face-off versus Sebastian Aho in Panthers zone.
1:39 of 1st period - Snap shot by Mikkel Boedker.
1:39 of 1st period - Stopped by Jeremy Swayman with a rebound.
1:57 of 1st period - Snap shot by Sebastian Aho.
1:57 of 1st period - Shot Misses the Net.
2:28 of 1st period - Snap shot by Dominik Kahun.
2:28 of 1st period - Deflect By Aaron Ekblad.
2:28 of 1st period - Shot Misses the Net.
2:28 of 1st period - Puck is out of play.
2:29 of 1st period - Matt Duchene wins face-off versus John Tavares in Penguins zone.
3:04 of 1st period - Minor Penalty to Griffin Reinhart for Interference.
3:05 of 1st period - Aleksander Barkov wins face-off versus John Tavares in Panthers zone.
3:11 of 1st period - John Tavares is hit by Kris Versteeg.
3:31 of 1st period - Aleksander Barkov is hit by Pavel Buchnevich and loses puck.
4:05 of 1st period - Icing by Gavin Bayreuther.
4:06 of 1st period - Mikkel Boedker wins face-off versus Sebastian Aho in Penguins zone.
5:04 of 1st period - Penalty to Griffin Reinhart is over, Griffin Reinhart is back on ice.
6:30 of 1st period - Ladislav Smid is hit by Keith Aulie.
7:01 of 1st period - Slapshot by Colin Wilson.
7:01 of 1st period - Shot Misses the Net.
7:03 of 1st period - Wrist shot by Colin Wilson.
7:03 of 1st period - Deflect By Marcus Foligno.
7:03 of 1st period - Stopped by Ville Husso with a rebound.
7:13 of 1st period - Snap shot by Colin Wilson.
7:13 of 1st period - Shot Misses the Net.
7:15 of 1st period - Slapshot by Nick Leddy.
7:15 of 1st period - Stopped by Ville Husso with a rebound.
7:17 of 1st period - Slapshot by John Marino.
7:17 of 1st period - Shot Misses the Net.
7:19 of 1st period - Slapshot by Nick Leddy.
7:19 of 1st period - Shot Blocked by Aleksander Barkov.
7:21 of 1st period - Slapshot by John Marino.
7:21 of 1st period - Deflect By Kris Versteeg.
7:21 of 1st period - Goal by John Marino - Panthers : 0 - Penguins : 1.
7:22 of 1st period - John Tavares wins face-off versus Mikkel Boedker in neutral zone.
7:56 of 1st period - Icing by Kirill Kaprizov.
7:57 of 1st period - Sebastian Aho wins face-off versus Miro Aaltonen in Panthers zone.
7:58 of 1st period - Wrist shot by Pavel Buchnevich.
7:58 of 1st period - Shot Misses the Net.
8:55 of 1st period - Snap shot by Marcus Foligno.
8:55 of 1st period - Stopped by Ville Husso with a rebound.
9:13 of 1st period - Slapshot by Oscar Klefbom.
9:13 of 1st period - Goal by Oscar Klefbom - Panthers : 0 - Penguins : 2.
9:14 of 1st period - Aleksander Barkov wins face-off versus John Tavares in neutral zone.
9:16 of 1st period - Off-side.
9:17 of 1st period - Aleksander Barkov wins face-off versus John Tavares in neutral zone.
10:28 of 1st period - Snap shot by Miro Aaltonen.
10:28 of 1st period - Stopped by Jeremy Swayman with a rebound.
11:07 of 1st period - Pavel Zacha is hit by Matt Duchene and loses puck.
11:24 of 1st period - Snap shot by Mark Scheifele.
11:24 of 1st period - Stopped by Ville Husso with a rebound.
11:26 of 1st period - Wrist shot by Keith Aulie.
11:26 of 1st period - Stopped by Ville Husso with a rebound.
11:46 of 1st period - Mikkel Boedker is hit by Pavel Zacha and loses puck.
11:51 of 1st period - Slapshot by Mark Scheifele.
11:51 of 1st period - Shot Misses the Net.
11:53 of 1st period - Snap shot by John Tavares.
11:53 of 1st period - Goal by John Tavares - Panthers : 0 - Penguins : 3.
11:54 of 1st period - Aleksander Barkov wins face-off versus Sebastian Aho in neutral zone.
11:56 of 1st period - Minor Penalty to Griffin Reinhart for Holding.
11:57 of 1st period - Aleksander Barkov wins face-off versus Sebastian Aho in Panthers zone.
12:31 of 1st period - Miro Aaltonen is hit by Aaron Ekblad and loses puck.
13:56 of 1st period - Penalty to Griffin Reinhart is over, Griffin Reinhart is back on ice.
13:57 of 1st period - Icing by Mathew Barzal.
13:58 of 1st period - Mikkel Boedker wins face-off versus Sebastian Aho in Penguins zone.
13:59 of 1st period - Wrist shot by Nikita Kucherov.
13:59 of 1st period - Stopped by Jeremy Swayman with a rebound.
14:01 of 1st period - Snap shot by Mikkel Boedker.
14:01 of 1st period - Stopped by Jeremy Swayman without a rebound.
14:02 of 1st period - Nikita Kucherov wins face-off versus Evan Rodrigues in Penguins zone.
14:25 of 1st period - Minor Penalty to Evan Rodrigues for Holding.
14:26 of 1st period - Matt Duchene wins face-off versus Mark Scheifele in Penguins zone.
14:27 of 1st period - Snap shot by Nikita Kucherov.
14:27 of 1st period - Goal by Nikita Kucherov - Panthers : 1 - Penguins : 3.
14:28 of 1st period - Aleksander Barkov wins face-off versus Sebastian Aho in neutral zone.
14:39 of 1st period - Snap shot by Jimmy Vesey.
14:39 of 1st period - Shot Blocked by Mathew Barzal.
14:41 of 1st period - Wrist shot by Kris Versteeg.
14:41 of 1st period - Shot Blocked by Oscar Klefbom.
15:02 of 1st period - Niklas Hansson is hit by John Tavares and loses puck.
15:18 of 1st period - Minor Penalty to Keith Aulie for Hooking.
15:19 of 1st period - Matt Duchene wins face-off versus Mark Scheifele in Penguins zone.
15:54 of 1st period - Oscar Klefbom is hit by Aleksander Barkov and loses puck.
17:18 of 1st period - Penalty to Keith Aulie is over, Keith Aulie is back on ice.
17:43 of 1st period - Kris Versteeg is hit by Brandon Tanev and loses puck.
17:50 of 1st period - Wrist shot by Brandon Tanev.
17:50 of 1st period - Shot Misses the Net.
18:08 of 1st period - Kirill Kaprizov is hit by Marcus Foligno and loses puck.
18:49 of 1st period - Mark Scheifele is hit by Jimmy Vesey and loses puck.
19:04 of 1st period - Slapshot by Alex Pietrangelo.
19:04 of 1st period - Deflect By Oscar Klefbom.
19:04 of 1st period - Stopped by Jeremy Swayman with a rebound.
19:07 of 1st period - Icing by Iven Barbashev.
19:08 of 1st period - Matt Duchene wins face-off versus Evan Rodrigues in Penguins zone.
19:13 of 1st period - Slapshot by Matt Duchene.
19:13 of 1st period - Shot Misses the Net.
19:15 of 1st period - Wrist shot by Matt Duchene.
19:15 of 1st period - Deflect By Mikkel Boedker.
19:15 of 1st period - Stopped by Jeremy Swayman without a rebound.
19:16 of 1st period - Mikkel Boedker wins face-off versus Sebastian Aho in Penguins zone.
19:47 of 1st period - Snap shot by John Tavares.
19:47 of 1st period - Shot Misses the Net.
19:49 of 1st period - Snap shot by Aaron Ekblad.
19:49 of 1st period - Stopped by Ville Husso with a rebound.
Goals for this period are 1 for Panthers vs 3 for Penguins.
Shots for this period are 7 for Panthers vs 9 for Penguins.
2nd period
0:01 of 2nd period - Aleksander Barkov wins face-off versus John Tavares in neutral zone.
0:06 of 2nd period - Backhand shot by Alex Pietrangelo.
0:06 of 2nd period - Shot Blocked by Aaron Ekblad.
0:12 of 2nd period - Snap shot by John Tavares.
0:12 of 2nd period - Shot Misses the Net.
0:26 of 2nd period - Aaron Ekblad is hit by Mikkel Boedker and loses puck.
0:47 of 2nd period - Niklas Hansson is hit by Brandon Tanev and loses puck.
1:20 of 2nd period - Snap shot by Drake Batherson.
1:20 of 2nd period - Stopped by Jeremy Swayman with a rebound.
1:41 of 2nd period - Off-side.
1:42 of 2nd period - Aleksander Barkov wins face-off versus John Tavares in neutral zone.
1:53 of 2nd period - Slapshot by Jimmy Vesey.
1:53 of 2nd period - Deflect By Kris Versteeg.
1:53 of 2nd period - Shot Blocked by Aaron Ekblad.
1:53 of 2nd period - Puck is out of play.
1:54 of 2nd period - John Tavares wins face-off versus Matt Duchene in Penguins zone.
2:28 of 2nd period - Minor Penalty to Danny DeKeiser for Slashing.
2:29 of 2nd period - Aleksander Barkov wins face-off versus John Tavares in Panthers zone.
2:56 of 2nd period - Ladislav Smid is hit by Sebastian Aho and loses puck.
4:06 of 2nd period - Snap shot by Sebastian Aho.
4:06 of 2nd period - Stopped by Ville Husso without a rebound.
4:07 of 2nd period - Aleksander Barkov wins face-off versus Mark Scheifele in Panthers zone.
4:18 of 2nd period - Wrist shot by John Tavares.
4:18 of 2nd period - Shot Blocked by Mikkel Boedker.
4:20 of 2nd period - Backhand shot by Aaron Ekblad.
4:20 of 2nd period - Shot Blocked by Radim Simek.
4:28 of 2nd period - Penalty to Danny DeKeiser is over, Danny DeKeiser is back on ice.
4:28 of 2nd period - Mark Scheifele is hit by Miro Aaltonen and loses puck.
5:43 of 2nd period - Minor Penalty to Griffin Reinhart for Hooking.
5:44 of 2nd period - Aleksander Barkov wins face-off versus John Tavares in Panthers zone.
6:11 of 2nd period - Aaron Ekblad is hit by Miro Aaltonen and loses puck.
6:35 of 2nd period - Snap shot by Mark Scheifele.
6:35 of 2nd period - Shot Misses the Net.
6:45 of 2nd period - Aleksander Barkov is hit by Oscar Klefbom and loses puck.
7:16 of 2nd period - John Tavares is hit by Jimmy Vesey and loses puck.
7:43 of 2nd period - Penalty to Griffin Reinhart is over, Griffin Reinhart is back on ice.
7:47 of 2nd period - Dominik Kahun is hit by Sebastian Aho and loses puck.
8:50 of 2nd period - Marcus Foligno is hit by Drake Batherson.
9:15 of 2nd period - John Marino is hit by Matt Duchene and loses puck.
9:30 of 2nd period - Brandon Tanev is hit by Kris Versteeg and loses puck.
10:12 of 2nd period - Dominik Kahun is hit by Keith Aulie and loses puck.
10:17 of 2nd period - Wrist shot by Brandon Tanev.
10:17 of 2nd period - Stopped by Ville Husso with a rebound.
10:37 of 2nd period - Snap shot by Brandon Tanev.
10:37 of 2nd period - Goal by Brandon Tanev - Panthers : 1 - Penguins : 4.
10:38 of 2nd period - Aleksander Barkov wins face-off versus John Tavares in neutral zone.
10:49 of 2nd period - Wrist shot by Aleksander Barkov.
10:49 of 2nd period - Stopped by Jeremy Swayman without a rebound.
10:50 of 2nd period - Aleksander Barkov wins face-off versus Sebastian Aho in Penguins zone.
10:51 of 2nd period - Snap shot by Alex Pietrangelo.
10:51 of 2nd period - Deflect By Kris Versteeg.
10:51 of 2nd period - Shot Misses the Net.
10:51 of 2nd period - Puck is out of play.
10:52 of 2nd period - Aleksander Barkov wins face-off versus Sebastian Aho in Penguins zone.
11:19 of 2nd period - Alex Pietrangelo is hit by Pavel Zacha and loses puck.
11:31 of 2nd period - Minor Penalty to Matt Duchene for Hooking.
11:32 of 2nd period - John Tavares wins face-off versus Aleksander Barkov in Panthers zone.
11:40 of 2nd period - Slapshot by John Tavares.
11:40 of 2nd period - Shot Misses the Net.
12:19 of 2nd period - Wrist shot by John Tavares.
12:19 of 2nd period - Stopped by Ville Husso without a rebound.
12:20 of 2nd period - Sebastian Aho wins face-off versus Miro Aaltonen in Panthers zone.
12:35 of 2nd period - Wrist shot by Kris Versteeg.
12:35 of 2nd period - Shot Misses the Net.
12:37 of 2nd period - Snap shot by Kris Versteeg.
12:37 of 2nd period - Stopped by Jeremy Swayman with a rebound.
13:07 of 2nd period - Wrist shot by Miro Aaltonen.
13:07 of 2nd period - Deflect By Keith Aulie.
13:07 of 2nd period - Stopped by Jeremy Swayman with a rebound.
13:17 of 2nd period - Kris Versteeg is hit by Pavel Buchnevich and loses puck.
13:31 of 2nd period - Penalty to Matt Duchene is over, Matt Duchene is back on ice.
13:44 of 2nd period - Dominik Kahun is hit by Brandon Tanev and loses puck.
14:38 of 2nd period - John Marino is hit by Kirill Kaprizov and loses puck.
14:55 of 2nd period - Slapshot by Griffin Reinhart.
14:55 of 2nd period - Shot Blocked by Aaron Ekblad.
15:34 of 2nd period - Slapshot by Ladislav Smid.
15:34 of 2nd period - Stopped by Jeremy Swayman without a rebound.
15:35 of 2nd period - Sebastian Aho wins face-off versus Nikolay Goldobin in Penguins zone.
16:10 of 2nd period - Wrist shot by John Tavares.
16:10 of 2nd period - Stopped by Ville Husso with a rebound.
16:12 of 2nd period - Wrist shot by Pavel Zacha.
16:12 of 2nd period - Stopped by Ville Husso without a rebound.
16:13 of 2nd period - Kris Versteeg wins face-off versus John Tavares in Panthers zone.
16:13 of 2nd period - Kris Versteeg is hit by John Tavares.
16:18 of 2nd period - Niklas Hansson is hit by Pavel Zacha and loses puck.
17:17 of 2nd period - Minor Penalty to Marcus Foligno for Delaying the game.
17:18 of 2nd period - Mark Scheifele wins face-off versus Matt Duchene in Penguins zone.
17:30 of 2nd period - Iven Barbashev is hit by Alex Pietrangelo and loses puck.
17:35 of 2nd period - Snap shot by Nikita Kucherov.
17:35 of 2nd period - Goal by Nikita Kucherov - Panthers : 2 - Penguins : 4.
17:36 of 2nd period - Jimmy Vesey wins face-off versus John Tavares in neutral zone.
18:11 of 2nd period - Minor Penalty to Mathew Barzal for Slashing.
18:12 of 2nd period - Nikita Kucherov wins face-off versus Mark Scheifele in Penguins zone.
18:28 of 2nd period - Snap shot by Nikita Kucherov.
18:28 of 2nd period - Shot Misses the Net.
18:46 of 2nd period - John Tavares is hit by Danny DeKeiser and loses puck.
Goals for this period are 1 for Panthers vs 1 for Penguins.
Shots for this period are 6 for Panthers vs 6 for Penguins.
3rd period
0:01 of 3rd period - Mark Scheifele wins face-off versus Matt Duchene in neutral zone.
0:03 of 3rd period - Off-side.
0:04 of 3rd period - Mark Scheifele wins face-off versus Matt Duchene in neutral zone.
0:11 of 3rd period - Penalty to Mathew Barzal is over, Mathew Barzal is back on ice.
0:36 of 3rd period - Keith Aulie is hit by Kris Versteeg and loses puck.
0:39 of 3rd period - Snap shot by Iven Barbashev.
0:39 of 3rd period - Shot Blocked by Aleksander Barkov.
0:41 of 3rd period - Slapshot by Keith Aulie.
0:41 of 3rd period - Shot Blocked by Danny DeKeiser.
0:53 of 3rd period - Backhand shot by Miro Aaltonen.
0:53 of 3rd period - Deflect By Pavel Buchnevich.
0:53 of 3rd period - Stopped by Jeremy Swayman with a rebound.
0:55 of 3rd period - Snap shot by Miro Aaltonen.
0:55 of 3rd period - Goal by Miro Aaltonen - Panthers : 3 - Penguins : 4.
0:56 of 3rd period - Matt Duchene wins face-off versus John Tavares in neutral zone.
0:59 of 3rd period - Wrist shot by Mikkel Boedker.
0:59 of 3rd period - Stopped by Jeremy Swayman without a rebound.
1:00 of 3rd period - Matt Duchene wins face-off versus John Tavares in Penguins zone.
1:17 of 3rd period - Slapshot by Oscar Klefbom.
1:17 of 3rd period - Stopped by Ville Husso with a rebound.
1:39 of 3rd period - Snap shot by Aleksander Barkov.
1:39 of 3rd period - Stopped by Jeremy Swayman without a rebound.
1:40 of 3rd period - Matt Duchene wins face-off versus John Tavares in Penguins zone.
2:07 of 3rd period - Gavin Bayreuther is hit by Kris Versteeg and loses puck.
2:36 of 3rd period - Slapshot by Drake Batherson.
2:36 of 3rd period - Shot Blocked by Gavin Bayreuther.
2:59 of 3rd period - Pavel Zacha is hit by Ladislav Smid and loses puck.
4:29 of 3rd period - Snap shot by Dominik Kahun.
4:29 of 3rd period - Shot Misses the Net.
5:11 of 3rd period - Wrist shot by Sebastian Aho.
5:11 of 3rd period - Deflect By Pavel Buchnevich.
5:11 of 3rd period - Stopped by Ville Husso without a rebound.
5:12 of 3rd period - John Tavares wins face-off versus Aleksander Barkov in Panthers zone.
5:27 of 3rd period - Wrist shot by Jimmy Vesey.
5:27 of 3rd period - Stopped by Jeremy Swayman without a rebound.
5:28 of 3rd period - Matt Duchene wins face-off versus Sebastian Aho in Penguins zone.
7:29 of 3rd period - Slapshot by John Tavares.
7:29 of 3rd period - Shot Misses the Net.
8:13 of 3rd period - Brandon Tanev is hit by Alex Pietrangelo and loses puck.
8:20 of 3rd period - Snap shot by Brandon Tanev.
8:20 of 3rd period - Shot Misses the Net.
8:22 of 3rd period - Slapshot by Keith Aulie.
8:22 of 3rd period - Stopped by Ville Husso without a rebound.
8:23 of 3rd period - John Tavares wins face-off versus Mikkel Boedker in Panthers zone.
8:33 of 3rd period - Minor Penalty to Mikkel Boedker for Hooking.
8:34 of 3rd period - Aleksander Barkov wins face-off versus John Tavares in Panthers zone.
8:39 of 3rd period - Icing by John Tavares.
8:40 of 3rd period - Kris Versteeg wins face-off versus John Tavares in Penguins zone.
8:43 of 3rd period - Wrist shot by Aleksander Barkov.
8:43 of 3rd period - Deflect By Kris Versteeg.
8:43 of 3rd period - Shot Blocked by Oscar Klefbom.
8:43 of 3rd period - Puck is out of play.
8:44 of 3rd period - John Tavares wins face-off versus Aleksander Barkov in Penguins zone.
8:51 of 3rd period - Ladislav Smid is hit by Pavel Zacha and loses puck.
9:39 of 3rd period - Wrist shot by Pavel Zacha.
9:39 of 3rd period - Shot Misses the Net.
10:09 of 3rd period - Slapshot by Aaron Ekblad.
10:09 of 3rd period - Stopped by Ville Husso with a rebound.
10:11 of 3rd period - Slapshot by Pavel Buchnevich.
10:11 of 3rd period - Shot Misses the Net.
10:13 of 3rd period - Slapshot by Oscar Klefbom.
10:13 of 3rd period - Shot Blocked by Ladislav Smid.
10:15 of 3rd period - Wrist shot by Sebastian Aho.
10:15 of 3rd period - Stopped by Ville Husso without a rebound.
10:16 of 3rd period - Sebastian Aho wins face-off versus Aleksander Barkov in Panthers zone.
10:33 of 3rd period - Penalty to Mikkel Boedker is over, Mikkel Boedker is back on ice.
11:16 of 3rd period - Gavin Bayreuther is hit by Miro Aaltonen and loses puck.
11:20 of 3rd period - Icing by Gavin Bayreuther.
11:21 of 3rd period - Matt Duchene wins face-off versus Evan Rodrigues in Penguins zone.
11:32 of 3rd period - Snap shot by Keith Aulie.
11:32 of 3rd period - Shot Misses the Net.
11:34 of 3rd period - Snap shot by Evan Rodrigues.
11:34 of 3rd period - Shot Misses the Net.
11:36 of 3rd period - Slapshot by Iven Barbashev.
11:36 of 3rd period - Stopped by Ville Husso with a rebound.
11:59 of 3rd period - Icing by Mikkel Boedker.
12:00 of 3rd period - Matt Duchene wins face-off versus Pavel Zacha in Panthers zone.
12:17 of 3rd period - Slapshot by John Tavares.
12:17 of 3rd period - Shot Blocked by Danny DeKeiser.
12:24 of 3rd period - Icing by Matt Duchene.
12:25 of 3rd period - Sebastian Aho wins face-off versus Nikita Kucherov in Panthers zone.
12:30 of 3rd period - Wrist shot by Sebastian Aho.
12:30 of 3rd period - Shot Misses the Net.
12:42 of 3rd period - Snap shot by Mikkel Boedker.
12:42 of 3rd period - Shot Misses the Net.
12:44 of 3rd period - Snap shot by Matt Duchene.
12:44 of 3rd period - Shot Hit the Post.
12:46 of 3rd period - Backhand shot by Danny DeKeiser.
12:46 of 3rd period - Shot Blocked by Mathew Barzal.
12:54 of 3rd period - Snap shot by Nikita Kucherov.
12:54 of 3rd period - Shot Blocked by Nick Leddy.
12:58 of 3rd period - Snap shot by Matt Duchene.
12:58 of 3rd period - Shot Misses the Net.
13:00 of 3rd period - Slapshot by Nikita Kucherov.
13:00 of 3rd period - Stopped by Jeremy Swayman with a rebound.
13:09 of 3rd period - Wrist shot by Mikkel Boedker.
13:09 of 3rd period - Shot Misses the Net.
13:15 of 3rd period - Snap shot by Matt Duchene.
13:15 of 3rd period - Stopped by Jeremy Swayman without a rebound.
13:16 of 3rd period - Aleksander Barkov wins face-off versus John Tavares in Penguins zone.
13:23 of 3rd period - Wrist shot by Aleksander Barkov.
13:23 of 3rd period - Stopped by Jeremy Swayman with a rebound.
13:43 of 3rd period - Aaron Ekblad is hit by Miro Aaltonen and loses puck.
14:12 of 3rd period - Nikolay Goldobin is hit by Brandon Tanev and loses puck.
15:52 of 3rd period - Aaron Ekblad is hit by Kirill Kaprizov and loses puck.
17:08 of 3rd period - Snap shot by Tom Wilson.
17:08 of 3rd period - Stopped by Ville Husso with a rebound.
18:10 of 3rd period - Sebastian Aho is hit by Mikkel Boedker and loses puck.
18:25 of 3rd period - Aaron Ekblad is hit by Kirill Kaprizov and loses puck.
18:35 of 3rd period - Minor Penalty to Alex Pietrangelo for Interference.
18:36 of 3rd period - Aleksander Barkov wins face-off versus John Tavares in Panthers zone.
19:03 of 3rd period - Niklas Hansson is hit by Mathew Barzal.
Goals for this period are 1 for Panthers vs 0 for Penguins.
Shots for this period are 8 for Panthers vs 7 for Penguins.